 Dungeon Crawl Stone Soup version 0.19.4-9-g45fd643 (webtiles) character file.

68 LORDOFBUTT the Caller (level 4, -1/24 HPs)
             Began as a Deep Elf Summoner on Feb 17, 2017.
             Slain by Dilettante's ghost (6 damage)
             ... on level 3 of the Dungeon on Feb 19, 2017.
             The game lasted 00:05:15 (1999 turns).

LORDOFBUTT the Caller (Deep Elf Summoner)           Turns: 1999, Time: 00:05:15

Health: -1/24      AC:  2    Str:  5    XL:     4   Next: 1%
Magic:  1/12       EV: 13    Int: 21    God:
Gold:   34         SH:  0    Dex: 15    Spells: 4 memorised, 2 levels left

rFire  . . .     SeeInvis .     k - +0 short sword
rCold  . . .     Gourm    .     a - +0 robe
rNeg   . . .     Faith    .     (no shield)
rPois  .         Spirit   .     (no helmet)
rElec  .         Reflect  .     (no cloak)
rCorr  .         Harm     .     (no gloves)
MR     .....                    (no boots)
Stlth  ++........               (no amulet)
                                (no ring)
                                (no ring)

@: very slightly contaminated
A: no striking features
a: no special abilities


You were on level 3 of the Dungeon.
You were not hungry.

You visited 1 branch of the dungeon, and saw 3 of its levels.

You collected 34 gold pieces.

Inventory:

Hand Weapons
 k - a +0 short sword (weapon)
Armour
 a - a +0 robe (worn)
Wands
 r - a wand of slowing (12/48)
Scrolls
 e - a scroll of magic mapping {unknown}
 f - 2 scrolls of identify {unknown}
 h - 2 scrolls of teleportation {unknown}
 j - a scroll of enchant weapon {unknown}
 l - a scroll of remove curse {unknown}
 n - a scroll of blinking {unknown}
 t - a scroll of fog {unknown}
Potions
 d - 3 potions of curing {unknown}
 i - a potion of flight {unknown}
 m - a potion of brilliance {unknown}
 o - a potion of lignification {unknown}
 p - a potion of cancellation {unknown}
 q - a potion of heal wounds {unknown}
 s - a potion of ambrosia {unknown}
Books
 b - a book of Callings

   Spells                             Type                      Level
   a - Summon Small Mammal            Summoning                    1
   b - Call Imp                       Summoning                    2
   c - Call Canine Familiar           Summoning                    3
   d - Summon Guardian Golem          Hexes/Summoning              3
   e - Summon Lightning Spire         Summoning/Air                4
   f - Summon Ice Beast               Ice/Summoning                4
Comestibles
 c - 3 bread rations
 g - 2 meat rations


   Skills:
 + Level 0.4 Short Blades
 + Level 2.9 Dodging
 + Level 2.9 Stealth
 + Level 4.0 Spellcasting
 * Level 5.2 Summonings


You had 2 spell levels left.
You knew the following spells:

 Your Spells              Type           Power        Failure   Level  Hunger
a - Summon Small Mammal   Summ           ####         1%          1    None
b - Call Imp              Summ           ####....     1%          2    #......
c - Call Canine Familiar  Summ           ####....     4%          3    ###....
d - Summon Guardian Gole  Hex/Summ       ###.....     14%         3    ###....


Dungeon Overview and Level Annotations

Branches:
Dungeon (3/15)

Altars:
Fedhas

Annotations:
D:3 Dilettante's ghost, amateur OgSk


Message History

Your crimson imp hits Dilettante's ghost but does no damage.
Dilettante's ghost barely misses you.
Your crimson imp barely misses Dilettante's ghost.
Casting: Call Imp
Confirm with . or Enter, or press ? or * to list all spells.
Your quokka bites Dilettante's ghost.
You swap places.
Dilettante's ghost barely misses you.
Your quokka misses Dilettante's ghost.
Your crimson imp hits Dilettante's ghost.
Your crimson imp blinks!
Dilettante's ghost hits you!
Your quokka bites Dilettante's ghost but does no damage.
Your crimson imp hits Dilettante's ghost but does no damage.
Dilettante's ghost hits you!
* * * LOW HITPOINT WARNING * * *
Your quokka closely misses Dilettante's ghost.
Your crimson imp hits Dilettante's ghost.
Your quokka closely misses Dilettante's ghost.
Dilettante's ghost hits you.
You die...

#.#.#... #.#
######.#.#.## #.#
............# #.#
#######†.####.# #.#
#...<...# #.#
##..###.# #.#
#.##..####### #.#
#.......55Wr# #.#
#####..####@# #.#
##.## #.# #.#
#####..###.# #.#
.........#.# #(#
#5......# #.#
#.(...### #.#
#...### #.#
#.#.##############.#
#.#................#


You could see Dilettante's ghost, a friendly crimson imp, a friendly white imp
and a friendly quokka.

Vanquished Creatures
  2 dart slugs
  A giant cockroach (D:2)
  4 goblins (D:2)
  2 hobgoblins (D:2)
  A ball python (D:2)
  3 frilled lizards
13 creatures vanquished.

Vanquished Creatures (collateral kills)
  Ijyb (D:2)
  An adder (D:2)
  3 dart slugs
  3 leopard geckos (D:1)
  4 giant cockroaches (D:1)
  2 goblins (D:1)
  4 hobgoblins
  4 jackals
  3 bats (D:1)
  3 frilled lizards (D:1)
  6 kobolds
  8 rats
42 creatures vanquished.

Grand Total: 55 creatures vanquished

Notes
Turn   | Place    | Note
-------+----------+-------------------------------------------
     0 | D:1      | LORDOFBUTT the Deep Elf Summoner began the quest for the Orb.
     0 | D:1      | Reached XP level 1. HP: 10/10 MP: 6/6
   221 | D:1      | Reached XP level 2. HP: 11/15 MP: 5/8
   537 | D:1      | Learned a level 2 spell: Call Imp
  1277 | D:2      | Reached XP level 3. HP: 19/19 MP: 8/10
  1372 | D:2      | Reached skill level 5 in Summonings
  1379 | D:2      | Found a blossoming altar of Fedhas.
  1434 | D:2      | Noticed Ijyb
  1458 | D:2      | Killed Ijyb
  1689 | D:2      | Learned a level 3 spell: Call Canine Familiar
  1693 | D:2      | Learned a level 3 spell: Summon Guardian Golem
  1977 | D:3      | Noticed Dilettante's ghost (amateur OgSk)
  1977 | D:3      | Reached XP level 4. HP: 20/24 MP: 7/12
  1999 | D:3      | Slain by Dilettante's ghost

Skill      XL: |  1  2  3 |
---------------+----------+-----
Summonings     | 5 |  5.2
Spellcasting   | 4 |  4.0
Short Blades   | |  0.4
Dodging        | |  2.9
Stealth        | |  2.9

Action                   |  1- 3 |  4- 6 || total
-------------------------+-------+-------++-------
Melee: Unarmed           |    10 |       ||    10
       Short sword       |    49 |       ||    49
 Cast: Summon Small Mamm |    26 |     1 ||    27
       Call Imp          |    21 |     3 ||    24
 Stab: Sleeping          |     3 |       ||     3
  Eat: Chunk             |     4 |       ||     4
Armor: Robe              |    27 |       ||    27
Dodge: Dodged            |    94 |     3 ||    97
